 Dungeon Crawl Stone Soup version 0.23.2-1-ga50397a (webtiles) character file.

Game seed: 14031538448871478065

354 Aske the Slasher (level 6, -4/37 HPs)
             Began as a Gargoyle Gladiator on May 13, 2019.
             Was a Follower of Okawaru.
             Slain by a gnoll
             ... wielding a +0 halberd
              (6 damage)
             ... on level 4 of the Dungeon.
             The game lasted 00:03:01 (2306 turns).

Aske the Slasher (Gargoyle Gladiator)               Turns: 2306, Time: 00:03:02

Health: -4/37      AC: 10    Str: 18    XL:     6   Next: 62%
Magic:  6/6        EV: 13    Int:  8    God:    Okawaru [*.....]
Gold:   181        SH:  0    Dex: 13    Spells: 5/5 levels left

rFire    . . .     SeeInvis .   a - +0 long sword
rCold    . . .     Gourm    .   (no shield)
rNeg     + . .     Faith    .   b - +0 leather armour
rPois    ∞         Spirit   .   h - +2 helmet
rElec    +         Reflect  .   (no cloak)
rCorr    .         Harm     .   (no gloves)
MR       .....                  (no boots)
Stlth    +.........             (no amulet)
HPRegen  0.12/turn              (no ring)
MPRegen  0.10/turn              (no ring)

@: berserk cooldown, slowed, very slow
A: negative energy resistance 1, electricity resistance, unbreathing,
petrification resistance, rot immunity, AC +4
a: Heroism, Renounce Religion


You were on level 4 of the Dungeon.
You worshipped Okawaru.
Okawaru was aware of your devotion.
You were not hungry.

You visited 1 branch of the dungeon, and saw 4 of its levels.

You collected 181 gold pieces.

Inventory:

Hand Weapons
 a - a +0 long sword (weapon)
Missiles
 d - 2 throwing nets (quivered)
Armour
 b - a +0 leather armour (worn)
 h - a +2 helmet (worn)
Jewellery
 c - a +4 ring of protection {unknown}
 l - a +2 ring of dexterity {unknown}
 o - a +3 ring of evasion {unknown}
 p - a cursed -2 ring of intelligence {unknown}
 w - an uncursed ring of resist corrosion {unknown}
Scrolls
 e - 8 scrolls of identify {unknown}
 i - 2 scrolls of enchant weapon {unknown}
 k - a scroll of magic mapping {unknown}
 n - 2 scrolls of remove curse {unknown}
 r - a scroll of teleportation {unknown}
 u - a scroll of amnesia {unknown}
 x - a scroll of enchant armour {unknown}
Potions
 j - 2 potions of curing {unknown}
 m - 2 potions of flight {unknown}
 s - a potion of agility {unknown}
 t - a potion of cancellation {unknown}
 v - a potion of degeneration {unknown}
Comestibles
 f - 3 rations
 g - 2 chunks of flesh


   Skills:
 + Level 3.6 Fighting
 * Level 4.3 Long Blades
 - Level 1.7 Throwing
 + Level 2.6 Armour
 * Level 3.9 Dodging


You had 5 spell levels left.
You didn't know any spells.
Your spell library was empty.

Dungeon Overview and Level Annotations

Branches:
Dungeon (4/15)
 Temple: D:4-7

Altars:
Kikubaaqudgha
Okawaru
Ru
Uskayaw
Zin


Innate Abilities, Weirdness & Mutations

You are resistant to torment.
Your stone body is resilient. (AC +4)
You are immune to poison.
You resist negative energy. (rN+)
You are resistant to electric shocks. (rElec)
You can survive without breathing.
You are immune to petrification.
You are immune to rotting.


Message History

The gnoll hits you but does no damage. The gnoll misses you.
The orc wizard casts a spell.
The orc wizard blinks!
The orc closely misses you. The gnoll shaman completely misses you.
The gnoll hits you from afar with a +0 halberd.
* * * LOW HITPOINT WARNING * * *
You see here a cursed -2 trident.
You slash the gnoll shaman!
The gnoll shaman is severely wounded.
You are no longer berserk.
You are exhausted.
You feel as though you will be slow longer.
The gnoll barely misses you. The orc closely misses you.
You riposte.
You closely miss the orc. The gnoll shaman barely misses you.
The orc misses you.
You riposte.
You hit the orc.
The orc is severely wounded.
The gnoll hits you but does no damage.
The gnoll hits you from afar with a +0 halberd.
You die...

......................
.......................#
.......................#
.......................#
.................!.....#
............§...o......#
..............)gg......#
...............og......#
..............)o@......#
....#..........g.......#
...............##.######
.##.##......#...#...
..#.................. #
..######.##...##.....
..#.# #.##.$## .....
.##.# ##.# ..... ..#.#


You could see a gnoll shaman, an orc wizard, 3 gnolls and 2 orcs.

Vanquished Creatures
  An ogre (D:4)
  A howler monkey (D:4)
  3 hounds
  A bullfrog skeleton (D:4)
  A worker ant (D:4)
  2 adders
  A gnoll (D:4)
  An ooze (D:2)
  2 worms
  A dart slug (D:3)
  2 orcs (D:4)
  2 ball pythons
  2 bats
  3 giant cockroaches
  3 goblins
  5 hobgoblins
  3 jackals (D:1)
  7 kobolds
  A quokka (D:4)
  2 frilled lizards (D:2)
  A leopard gecko skeleton (D:4)
  12 rats
57 creatures vanquished.

Notes
Turn   | Place    | Note
-------+----------+-------------------------------------------
     0 | D:1      | Aske the Gargoyle Gladiator began the quest for the Orb.
     0 | D:1      | Reached XP level 1. HP: 12/12 MP: 1/1
   124 | D:1      | Reached XP level 2. HP: 11/17 MP: 2/2
   498 | D:1      | Reached skill level 3 in Long Blades
   800 | D:2      | Found an ancient bone altar of Kikubaaqudgha.
   803 | D:2      | Found a hide-covered altar of Uskayaw.
   806 | D:2      | Found a sacrificial altar of Ru.
   809 | D:2      | Found an iron altar of Okawaru.
   881 | D:2      | Reached skill level 1 in Armour
   887 | D:2      | Found a glowing silver altar of Zin.
   946 | D:2      | Became a worshipper of Warmaster Okawaru
  1038 | D:2      | Reached XP level 3. HP: 22/22 MP: 3/3
  1270 | D:2      | Reached XP level 4. HP: 27/27 MP: 4/4
  1936 | D:4      | Reached XP level 5. HP: 27/32 MP: 5/5
  1991 | D:4      | Noticed an ogre
  2002 | D:4      | Reached * piety under Okawaru
  2011 | D:4      | Killed an ogre
  2011 | D:4      | Reached skill level 4 in Long Blades
  2011 | D:4      | Reached XP level 6. HP: 11/37 MP: 6/6
  2306 | D:4      | Slain by a gnoll

Skill      XL: |  1  2  3  4  5 |
---------------+----------------+-----
Long Blades    | 3 4 |  4.3
Armour         | 1 2 |  2.6
Dodging        | 3 |  3.9
Fighting       | 3 |  3.6
Throwing       | |  1.7

Action                   |  1- 3 |  4- 6 || total
-------------------------+-------+-------++-------
Melee: Long sword        |    46 |    87 ||   133
Throw: Throwing net      |       |     1 ||     1
  Use: Potion            |       |     1 ||     1
  Eat: Chunk             |     1 |     4 ||     5
Armor: Leather armour    |    19 |    53 ||    72
Dodge: Dodged            |    32 |    88 ||   120
       Rpst.: Long sword |    15 |    28 ||    43
